 Dungeon Crawl Stone Soup version 0.25.1-8-g42b30a86e7 (webtiles) character file.

Game seed: 2703723199031589667

117 Gabide the Skirmisher (level 5, -1/42 HPs)
             Began as a Human Abyssal Knight on Dec 4, 2020.
             Was a Follower of Lugonu.
             Slain by a worker ant (6 damage)
             ... on level 3 of the Dungeon.
             The game lasted 00:03:29 (1647 turns).

Gabide the Skirmisher (Human Abyssal Knight)        Turns: 1647, Time: 00:03:30

Health: -1/42      AC:  7    Str: 13    XL:     5   Next: 22%
Magic:  7/7        EV: 11    Int: 13    God:    Lugonu [*.....]
Gold:   107        SH:  0    Dex: 12    Spells: 4/4 levels left

rFire    . . .     SeeInvis .   a - +2 spear
rCold    . . .     Gourm    .   (no shield)
rNeg     . . .     Faith    .   g - +1 ring mail
rPois    .         Spirit   .   h - +1 hat
rElec    .         Reflect  .   (no cloak)
rCorr    .         Harm     .   (no gloves)
MR       .....                  (no boots)
Stlth    +.........             (no amulet)
HPRegen  0.14/turn              (no ring)
MPRegen  0.10/turn              (no ring)

@: lethally poisoned (-1 -> -26)
A: no striking features
a: Depart the Abyss, Renounce Religion


You were on level 3 of the Dungeon.
You worshipped Lugonu.
Lugonu was aware of your devotion.
You were hungry.

You visited 1 branch of the dungeon, and saw 3 of its levels.
You visited the Abyss 1 time.

You collected 107 gold pieces.

Inventory:

Hand Weapons
 a - a +2 spear (weapon)
Armour
 b - a +2 leather armour
 g - a +1 ring mail (worn)
 h - a +1 hat (worn)
Scrolls
 f - a scroll of fear
Potions
 i - a potion of brilliance {unknown}
 j - a potion of magic {unknown}
Comestibles
 c - 4 rations


   Skills:
 + Level 3.7 Fighting
 + Level 3.2 Polearms
 - Level 2.3 Armour
 * Level 1.7 Dodging
 + Level 0.5 Stealth
 * Level 2.8 Invocations


You had 4 spell levels left.
You didn't know any spells.
Your spell library was empty.

Dungeon Overview and Level Annotations

Branches:
Dungeon (3/15)

Altars:


Message History

You hit the worker ant but do no damage.
The worker ant is moderately wounded.
The quokka bites you.
The worker ant bites you but does no damage.
You hit the worker ant but do no damage.
The worker ant is moderately wounded.
You feel sick.
The quokka bites you but does no damage.
The worker ant bites you.
* * * LOW HITPOINT WARNING * * *
You are lethally poisoned!
The worker ant poisons you! The worker ant bites you.
* * * LOW HITPOINT WARNING * * *
You are more poisoned.
The worker ant poisons you!
The quokka bites you but does no damage.
* * * LOW HITPOINT WARNING * * *
You feel very sick. The worker ant bites you.
You die...

.. ## .# ... $####.#
.. ....# ..##.# ##.#
......###.#..##...
..#....a.......######
.......r@....#.......#
##...####)...........#
#.# ##.....#$......# #
......#.#.#.......#
#...#.............#
#.#.##......#.#### #.
#..###..#.†.#### . #.#
#....†....# #.#
#.#.........


You could see a worker ant and a quokka.

Vanquished Creatures
  3 gnolls (D:3)
  4 adders
  2 oozes
  2 dart slugs (D:2)
  2 leopard geckos (D:2)
  An orc (D:3)
  A giant cockroach (D:2)
  A goblin (D:2)
  6 hobgoblins
  6 kobolds
  A ball python (D:3)
  9 bats
  4 frilled lizards
  A rat (D:3)
43 creatures vanquished.

Notes
Turn   | Place    | Note
-------+----------+-------------------------------------------
     0 | Abyss:1  | Gabide the Human Abyssal Knight began the quest for the
                  | Orb.
     0 | Abyss:1  | Reached XP level 1. HP: 18/18 MP: 2/2
    67 | Abyss:1  | Noticed a large abomination
    67 | Abyss:1  | Noticed a chaos spawn
    68 | D:1      | Escaped the Abyss
   146 | D:1      | Reached XP level 2. HP: 24/24 MP: 3/3
   161 | D:1      | Reached * piety under Lugonu
   394 | D:1      | You fall into a shaft and drop 1 floor!
   482 | D:2      | Reached XP level 3. HP: 29/29 MP: 4/4
   783 | D:2      | Reached XP level 4. HP: 32/35 MP: 5/5
  1619 | D:3      | Reached XP level 5. HP: 39/42 MP: 5/7
  1647 | D:3      | Slain by a worker ant

Illustrated notes

Levels and vault maps discovered:
D:1:      lightli_arrival_statue_moat, layout_basic, kennysheep_minor_cross
D:2:      layout_basic
D:3:      layout_rooms, uniq_jessica

Skill      XL: |  1  2  3  4 |
---------------+-------------+-----
Polearms       | 3 |  3.2
Fighting       | |  3.7
Armour         | |  2.3
Dodging        | |  1.7
Stealth        | |  0.5
Invocations    | |  2.8

Action                   |  1- 3 |  4- 6 || total
-------------------------+-------+-------++-------
Melee: Spear             |    90 |    76 ||   166
Invok: Depart the Abyss  |     1 |       ||     1
  Use: Scroll            |     3 |     4 ||     7
       Potion            |       |     2 ||     2
 Stab: Sleeping          |       |     1 ||     1
  Eat: Chunk             |       |     2 ||     2
Armor: Leather armour    |    33 |    14 ||    47
       Ring mail         |       |    18 ||    18
Dodge: Dodged            |    52 |    46 ||    98
